 Dungeon Crawl Stone Soup version 0.29.1-1-gd02db6906a (webtiles) character file.

Game seed: 17080678500469961806

16 112233 the Caller (level 2, -1/17 HPs)
             Began as an Octopode Summoner on Oct 11, 2022.
             Slain by a jackal (3 damage)
             ... on level 1 of the Dungeon.
             The game lasted 00:00:55 (905 turns).

112233 the Caller (Octopode Summoner)                Turns: 905, Time: 00:00:56

Health: -1/17      AC:  1    Str:  7    XL:     2   Next: 58%
Magic:  0/5        EV: 13    Int: 17    God:
Gold:   21         SH:  0    Dex: 12    Spells: 4/5 levels left

rFire   . . .      SeeInvis .   b - +0 dagger
rCold   . . .      Faith    .   (no shield)
rNeg    . . .      Spirit   .   (helmet restricted)
rPois   .          Reflect  .   (no amulet)
rElec   .          Harm     .   (no ring)
rCorr   .          Rampage  .   (no ring)
Will    .....                   (no ring)
Stlth   +++.......              (no ring)
HPRegen 0.05/turn               (no ring)
MPRegen 0.09/turn               (no ring)
                                (no ring)
                                (no ring)

@: no status effects
A: almost no armour, amphibious, 8 rings, camouflage 1, gelatinous body 1,
(nimble swimmer 1), tentacles
a: no special abilities


You were on level 1 of the Dungeon.
You visited 1 branch of the dungeon, and saw 1 of its levels.

You collected 21 gold pieces.

Inventory:

Hand Weapons
 b - a +0 dagger (weapon)
Scrolls
 c - a scroll of amnesia {unknown}
Potions
 a - a potion of magic


   Skills:
 + Level 0.3 Fighting
 + Level 2.2 Dodging
 - Level 3.0 Stealth
 * Level 2.2 Spellcasting
 * Level 4.2 Summonings


You had 4 spell levels left.
You knew the following spells:

 Your Spells              Type           Power      Damage    Failure   Level
a - Summon Small Mammal   Summ           64%        N/A       3%          1

Your spell library contained the following spells:

 Spells                   Type           Power      Damage    Failure   Level
 Call Imp                 Summ           16%        N/A       4%          2
 Call Canine Familiar     Summ           16%        N/A       10%         3
 Summon Guardian Golem    Hex/Summ       9%         N/A       24%         3
 Summon Lightning Spire   Summ/Air       9%         N/A       61%         4


Dungeon Overview and Level Annotations

Branches:
Dungeon (1/15)

Altars:


Innate Abilities, Weirdness & Mutations

You cannot wear most types of armour.
You are amphibious.
You can wear up to eight rings at the same time.
Your skin changes colour to match your surroundings (Stealth+).
Your rubbery body absorbs attacks. (AC +1, EV +1)
((You are camouflaged when in or above water. (Stealth+)))
You have tentacles for arms and can constrict up to eight enemies at once.


Message History

You swap places.
The jackal bites your rat.
Your rat closely misses the jackal.
The jackal closely misses your rat. The jackal bites your rat.
Your rat dies!
Your rat's corpse disappears in a puff of smoke!
The jackal bites you. The jackal misses you.
Casting: Summon Small Mammal (safe; 3% risk of failure)
Confirm with . or Enter, or press ? or * to list all spells.
The jackal bites you.
* * * LOW HITPOINT WARNING * * *
The jackal bites you.
* * * LOW HITPOINT WARNING * * *
The jackal bites you.
* * * LOW HITPOINT WARNING * * *
Unknown command.
You swap places.
Your bat hits the jackal but does no damage.
The jackal barely misses your bat.
Your bat hits the jackal.
Your bat hits the jackal but does no damage.
The jackal bites your bat.
Your bat hits the jackal.
Casting: Summon Small Mammal (safe; 3% risk of failure)
Confirm with . or Enter, or press ? or * to list all spells.
Your bat misses the jackal. The jackal barely misses your bat.
Your bat barely misses the jackal.
The jackal bites your bat.
You swap places.
Your bat hits the jackal but does no damage.
The jackal closely misses your bat.
The jackal bites your bat but does no damage.
Your bat completely misses the jackal.
Your bat barely misses the jackal.
The jackal misses your bat. The jackal barely misses your quokka.
Your quokka bites the jackal but does no damage.
The jackal bites your quokka. x2
Your quokka dies!
Your quokka's corpse disappears in a puff of smoke!
Unknown command.
Casting: Summon Small Mammal (safe; 3% risk of failure)
Confirm with . or Enter, or press ? or * to list all spells.
The jackal bites you.
You die...

#...#†##.# #...#
#..###)#.## ###.#
#.#.#.#...## #.#
#..#.###...# #.#
#..##.#..#.# #.#
#....#..##.## #.#
#.##.#####..######.#
#.##.######.>......#
#...hh@.r##.########
###.####.##.# #.#
#.##.# #h# #.##.#
#h# #.##.# #.#
#.##.# #.#
#.##.####..
#.####..........
#....h..........


You could see 2 jackals and a friendly rat (summoned).

Vanquished Creatures (collateral kills)
  2 ball pythons (D:1)
  2 endoplasms (D:1)
  3 goblins (D:1)
  A hobgoblin (D:1)
  A jackal (D:1)
  3 kobolds (D:1)
  2 rats (D:1)
14 creatures vanquished.

Notes
Turn   | Place    | Note
-------+----------+-------------------------------------------
     0 | D:1      | 112233 the Octopode Summoner began the quest for the Orb.
     0 | D:1      | Reached XP level 1. HP: 11/11 MP: 3/3
   388 | D:1      | Reached XP level 2. HP: 17/17 MP: 1/5
   905 | D:1      | Slain by a jackal

Illustrated notes

Levels and vault maps discovered:
D:1:      erik_arrival_orb_chamber, layout_loops_ring, minmay_tripent

Skill      XL: |  1 |
---------------+----+-----
Stealth        | 3 |  3.0
Fighting       | |  0.3
Dodging        | |  2.2
Spellcasting   | |  2.2
Summonings     | |  4.2

Action                   || total
-------------------------++-------
Melee: Dagger            ||     3
       Constrict         ||     2
 Cast: Summon Small Mamm ||    31
Armor: Skin              ||     4
Dodge: Dodged            ||    20
